 Dungeon Crawl Stone Soup version 0.25.0-9-g26727b657a (console) character file.

Game seed: 2607250668593580920

13685 Kagalorn the Nimble (level 12, -5/93 HPs)
             Began as a Gnoll Gladiator on June 19, 2020.
             Was a High Priest of Elyvilon.
             Slain by a six-headed hydra (13 damage)
             ... on level 11 of the Dungeon.
             The game lasted 00:32:57 (12920 turns).

Kagalorn the Nimble (Gnoll Gladiator)              Turns: 12920, Time: 00:33:00

Health: -5/93      AC: 10    Str: 20    XL:     12   Next: 8%
Magic:  31/31      EV: 21    Int: 12    God:    Elyvilon [*****.]
Gold:   695        SH:  6    Dex: 17    Spells: 24/24 levels left

rFire    + . .     SeeInvis .   q - +1 mace (holy)
rCold    . . .     Gourm    .   B - +0 buckler
rNeg     . . .     Faith    .   T - +3 ring mail {rF+}
rPois    .         Spirit   .   c - +0 helmet
rElec    .         Reflect  .   (no cloak)
rCorr    .         Harm     .   (no gloves)
MR       .....                  (no boots)
Stlth    +++.......             (no amulet)
HPRegen  0.25/turn              o - +4 ring of evasion
MPRegen  0.22/turn              m - ring of magical power

@: no status effects
A: distributed training, fangs 1, strong nose
a: Lesser Healing, Heal Other, Purification, Greater Healing, Divine Vigour,
Divine Protection, Renounce Religion


You were on level 11 of the Dungeon.
You worshipped Elyvilon.
Elyvilon was extremely pleased with you.
You were not hungry.

You visited 2 branches of the dungeon, and saw 12 of its levels.
You also visited: Sewer and Ossuary.

You collected 695 gold pieces.

Inventory:

Hand Weapons
 a - a +0 vorpal war axe
 b - a +2 dagger of venom
 q - a +1 mace of holy wrath (weapon)
 w - a +3 long sword of protection
Missiles
 d - 6 throwing nets
 k - 10 curare-tipped darts
 r - 61 poisoned darts (quivered)
 t - 62 bolts
 R - 179 arrows
 X - 5 javelins
Armour
 c - a +0 helmet (worn)
 B - a +0 buckler (worn)
 T - a +3 ring mail of fire resistance (worn)
Jewellery
 h - an uncursed ring of resist corrosion
 l - an uncursed amulet of guardian spirit
 m - a ring of magical power (right hand)
 o - a +4 ring of evasion (left hand)
 E - an uncursed ring of poison resistance
 G - an uncursed ring of positive energy
 U - an uncursed ring of see invisible
 W - an uncursed ring of flight
Wands
 y - a wand of iceblast (26)
 H - a wand of acid (15)
 P - a wand of flame (15)
Scrolls
 i - 2 scrolls of fear
 j - 7 scrolls of remove curse
 v - 4 scrolls of fog
 z - a scroll of amnesia {unknown}
 F - a scroll of magic mapping
 M - 3 scrolls of teleportation
 N - 4 scrolls of blinking
 Q - a scroll of enchant armour {unknown}
 S - 2 scrolls of enchant weapon
Potions
 e - 4 potions of mutation {unknown}
 g - 2 potions of berserk rage {unknown}
 n - 3 potions of invisibility {unknown}
 s - 2 potions of lignification {unknown}
 u - 3 potions of haste {unknown}
 x - 3 potions of stabbing
 A - a potion of magic
 C - 3 potions of might
 D - a potion of resistance
 I - 8 potions of curing
 J - 4 potions of heal wounds {unknown}
 K - 2 potions of brilliance
 L - a potion of ambrosia
 O - 4 potions of flight
Miscellaneous
 p - a phantom mirror
Comestibles
 f - 22 rations


   Skills:
 + Level 8.3 Fighting
 + Level 6.8 Short Blades
 + Level 6.8 Long Blades
 + Level 9.5 Axes
 + Level 6.8 Maces & Flails
 + Level 6.8 Polearms
 + Level 6.8 Staves
 + Level 6.8 Slings
 + Level 6.8 Bows
 + Level 6.8 Crossbows
 + Level 8.3 Throwing
 + Level 6.8 Armour
 + Level 9.5 Dodging
 + Level 6.8 Stealth
 + Level 6.8 Shields
 + Level 6.8 Unarmed Combat
 + Level 6.8 Spellcasting
 + Level 5.6 Conjurations
 + Level 5.6 Hexes
 + Level 5.6 Charms
 + Level 5.6 Summonings
 + Level 5.6 Necromancy
 + Level 5.6 Translocations
 + Level 5.6 Transmutations
 + Level 5.6 Fire Magic
 + Level 5.6 Ice Magic
 + Level 5.6 Air Magic
 + Level 5.6 Earth Magic
 + Level 5.6 Poison Magic
 + Level 7.4 Invocations
 + Level 6.8 Evocations


You had 24 spell levels left.
You didn't know any spells.
Your spell library contained the following spells:

 Spells                   Type           Power        Failure   Level  Hunger
 Corona                   Hex            ###....      2%          1    None
 Foxfire                  Conj/Fire      ###.         2%          1    None
 Ensorcelled Hibernation  Hex/Ice        ###...       3%          2    #......
 Confusing Touch          Hex            ###.....     8%          3    ###....
 Conjure Flame            Conj/Fire      ###.....     8%          3    ###....
 Dazzling Flash           Conj/Hex       ###...       8%          3    ###....
 Inner Flame              Hex/Fire       ###.....     8%          3    ###....
 Tukima's Dance           Hex            ###.....     8%          3    ###....
 Sticky Flame             Conj/Fire      ###.....     26%         4    ####...
 Fireball                 Conj/Fire      ###.......   56%         5    ######.


Dungeon Overview and Level Annotations

Branches:
Dungeon (11/15)            Temple (1/1) D:5            Lair (0/6) D:8
  Sewer (visited)         Ossuary (visited)
    Orc: D:9-12

Altars:
Ashenzari
Cheibriados
Dithmenos
Elyvilon
Fedhas
Gozag
Hepliaklqana
Kikubaaqudgha
Makhleb
Nemelex Xobeh
Okawaru
Qazlal
Ru
Sif Muna
Trog
Uskayaw
Vehumet
Wu Jian
Xom
Yredelemnul
Zin
The Shining One

Annotations:
D:4 1 runed translucent door, Crazy Yiuf
D:11 2 runed translucent doors


Innate Abilities, Weirdness & Mutations

Your experience applies equally to all skills.
You have very sharp teeth.
Your uncanny sense of smell can sniff out nearby items.


Message History

The six-headed hydra bites you but does no damage.
The six-headed hydra closely misses you.
You hit the six-headed hydra.
The six-headed hydra is moderately wounded.
The six-headed hydra bites you! The six-headed hydra bites you.
The six-headed hydra bites you! x2
* * * LOW HITPOINT WARNING * * *
You block the six-headed hydra's attack.
The six-headed hydra misses you.
The six-headed hydra looks more healthy.
There is an open door here.
You see here an adder corpse.
The six-headed hydra closely misses you.
The six-headed hydra bites you!
* * * LOW HITPOINT WARNING * * *
The six-headed hydra bites you!
* * * LOW HITPOINT WARNING * * *
The six-headed hydra completely misses you.
The six-headed hydra bites you!
You die...

#...# #.# ##..#.⌠.D#§ #...#
#.# #..#....##
#..^###########.# #..#...[..
#.....÷.......#.# ##.####...
#....########.#.# #.#≈≈#..⌠
#^...# #.#.# #.#≈≈#.D.
#......#∆ #.#.# #.####+##
#.###..# #.#.######........
... .... #@#...........#...
.#
############D###########.#.##
. ........††....# #...##
#######.........# #...##
#....[..........# #...##
###+#####.........# #.#.#.
#.......'.........# #.#...
#......##.........# #..
###.......###...###.# #..


You could see a six-headed hydra.

Vanquished Creatures
  Gastronok (D:10)
  2 two-headed ogres
  Urug (D:10)
  An ugly thing (D:11)
  Joseph (D:7)
  Maggie (D:10)
  A troll (D:9)
  4 hornets
  A hippogriff (D:8)
  A slime creature (D:8)
  A wyvern (D:8)
  8 yaks
  2 hungry ghosts (D:9)
  Duvessa (D:6)
  An ice beast (D:9)
  4 sky beasts
  6 orc warriors
  2 necrophages
  Purgy (Sewer)
  2 phantoms
  5 ogres
  4 centaurs
  2 big kobolds
  4 bullfrogs
  A gnoll sergeant (D:8)
  Dowan (D:6)
  6 water moccasin zombies (Ossuary)
  4 scorpions
  7 killer bees
  4 wights (D:8)
  3 howler monkeys
  6 electric eels (D:10)
  2 bullfrog zombies
  6 crimson imps
  2 quasits (D:8)
  7 orc priests
  6 hounds
  A centaur zombie (D:5)
  3 jellies
  A bullfrog skeleton (D:11)
  5 centaur skeletons
  Terence (D:1)
  4 iguanas
  7 orc wizards
  4 worker ants
  3 big kobold zombies (Ossuary)
  A hound skeleton (D:9)
  2 mummies (Ossuary)
  A howler monkey zombie (D:8)
  12 adders
  9 gnolls
  4 shadow imps
  2 oozes
  7 adder zombies
  A worm (D:8)
  An adder skeleton (D:9)
  2 dart slugs
  12 leopard geckos
  45 orcs
  8 giant cockroaches
  11 goblins
  7 hobgoblins
  16 jackals
  7 quokkas
  4 ball pythons
  A ball python skeleton (D:5)
  3 bats
  9 frilled lizards
  2 gnoll zombies (Ossuary)
  4 hobgoblin zombies (Ossuary)
  14 kobolds
  6 kobold zombies (Ossuary)
  2 leopard gecko skeletons
  2 orc zombies (Ossuary)
  A quokka skeleton (D:6)
  6 rats
  A spectral orc (D:7)
344 creatures vanquished.

Vanquished Creatures (others)
  An orc (D:10)
  2 plants (D:10)
3 creatures vanquished.

Grand Total: 347 creatures vanquished

Notes
Turn   | Place    | Note
-------+----------+-------------------------------------------
     0 | D:1      | Kagalorn the Gnoll Gladiator began the quest for the Orb.
     0 | D:1      | Reached XP level 1. HP: 20/20 MP: 1/1
   187 | D:1      | Reached XP level 2. HP: 26/26 MP: 2/2
   355 | D:1      | Reached XP level 3. HP: 15/31 MP: 3/3
   976 | D:2      | Noticed Terence
   993 | D:1      | Killed Terence
   993 | D:1      | Reached skill level 1 in Short Blades
   993 | D:1      | Reached skill level 1 in Long Blades
   993 | D:1      | Reached skill level 1 in Maces & Flails
   993 | D:1      | Reached skill level 1 in Polearms
   993 | D:1      | Reached skill level 1 in Staves
   993 | D:1      | Reached skill level 1 in Slings
   993 | D:1      | Reached skill level 1 in Bows
   993 | D:1      | Reached skill level 1 in Crossbows
   993 | D:1      | Reached skill level 1 in Armour
   993 | D:1      | Reached skill level 1 in Stealth
   993 | D:1      | Reached skill level 1 in Shields
   993 | D:1      | Reached skill level 1 in Unarmed Combat
   993 | D:1      | Reached skill level 1 in Spellcasting
   993 | D:1      | Reached skill level 1 in Invocations
   993 | D:1      | Reached skill level 1 in Evocations
  1016 | D:2      | Reached XP level 4. HP: 38/38 MP: 5/5
  1148 | D:2      | Found a shimmering altar of Xom.
  1202 | D:2      | Found a radiant altar of Vehumet.
  1425 | D:2      | Reached skill level 1 in Conjurations
  1425 | D:2      | Reached skill level 1 in Hexes
  1425 | D:2      | Reached skill level 1 in Charms
  1425 | D:2      | Reached skill level 1 in Summonings
  1425 | D:2      | Reached skill level 1 in Necromancy
  1425 | D:2      | Reached skill level 1 in Translocations
  1425 | D:2      | Reached skill level 1 in Transmutations
  1425 | D:2      | Reached skill level 1 in Fire Magic
  1425 | D:2      | Reached skill level 1 in Ice Magic
  1425 | D:2      | Reached skill level 1 in Air Magic
  1425 | D:2      | Reached skill level 1 in Earth Magic
  1425 | D:2      | Reached skill level 1 in Poison Magic
  1518 | D:2      | Reached XP level 5. HP: 43/43 MP: 6/6
  2082 | D:3      | Found a white marble altar of Elyvilon.
  2085 | D:3      | Became a worshipper of Elyvilon the Healer
  2537 | D:4      | Reached XP level 6. HP: 33/50 MP: 6/8
  2720 | D:4      | Reached * piety under Elyvilon
  2723 | D:4      | Reached skill level 5 in Fighting
  2723 | D:4      | Reached skill level 5 in Throwing
  2761 | D:4      | Found a sand-covered staircase.
  2794 | Ossuary  | Entered an ossuary
  2861 | Ossuary  | Reached XP level 7. HP: 52/56 MP: 10/10
  3618 | D:4      | Reached XP level 8. HP: 62/63 MP: 12/12
  3675 | D:4      | Found a runed translucent door.
  3676 | D:4      | Noticed Crazy Yiuf
  3869 | D:5      | Entered Level 5 of the Dungeon
  4060 | D:5      | Reached ** piety under Elyvilon
  4131 | D:5      | Found a hide-covered altar of Uskayaw.
  4131 | D:5      | Noticed a +0 dagger
  4131 | D:5      | Noticed a +0 dagger
  4148 | D:5      | Found an ornate altar of the Wu Jian Council.
  4326 | D:5      | Found a staircase to the Ecumenical Temple.
  4332 | Temple   | Entered the Ecumenical Temple
  5322 | D:6      | Found a glowing drain.
  5348 | Sewer    | Entered a sewer
  5412 | Sewer    | Noticed Purgy
  5425 | Sewer    | Killed Purgy
  5848 | D:6      | Reached XP level 9. HP: 51/69 MP: 14/14
  6016 | D:6      | Reached *** piety under Elyvilon
  6188 | D:6      | Noticed Duvessa
  6188 | D:6      | Noticed Dowan
  6198 | D:6      | Killed Duvessa
  6210 | D:6      | Killed Dowan
  6934 | D:7      | Noticed Joseph
  6973 | D:7      | Killed Joseph
  7480 | D:7      | Reached **** piety under Elyvilon
  7495 | D:7      | Reached skill level 5 in Invocations
  7530 | D:7      | Found a basalt altar of Yredelemnul.
  7642 | D:7      | Found a blossoming altar of Fedhas.
  8024 | D:8      | Noticed a hornet
  8025 | D:8      | Noticed a hornet
  8054 | D:8      | Killed a hornet
  8054 | D:8      | Reached XP level 10. HP: 77/77 MP: 17/17
  8193 | D:8      | Found a staircase to the Lair.
  8212 | D:8      | Reached skill level 5 in Short Blades
  8212 | D:8      | Reached skill level 5 in Long Blades
  8212 | D:8      | Reached skill level 5 in Maces & Flails
  8212 | D:8      | Reached skill level 5 in Polearms
  8212 | D:8      | Reached skill level 5 in Staves
  8212 | D:8      | Reached skill level 5 in Slings
  8212 | D:8      | Reached skill level 5 in Bows
  8212 | D:8      | Reached skill level 5 in Crossbows
  8212 | D:8      | Reached skill level 5 in Armour
  8212 | D:8      | Reached skill level 5 in Stealth
  8212 | D:8      | Reached skill level 5 in Shields
  8212 | D:8      | Reached skill level 5 in Unarmed Combat
  8212 | D:8      | Reached skill level 5 in Spellcasting
  8212 | D:8      | Reached skill level 5 in Evocations
  9140 | D:8      | Noticed a two-headed ogre
  9160 | D:8      | Killed a two-headed ogre
  9757 | D:9      | Reached XP level 11. HP: 84/84 MP: 19/19
  9825 | D:9      | Reached ***** piety under Elyvilon
 10529 | D:9      | Noticed a two-headed ogre
 10554 | D:9      | Killed a two-headed ogre
 10554 | D:9      | Reached skill level 5 in Conjurations
 10554 | D:9      | Reached skill level 5 in Hexes
 10554 | D:9      | Reached skill level 5 in Charms
 10554 | D:9      | Reached skill level 5 in Summonings
 10554 | D:9      | Reached skill level 5 in Necromancy
 10554 | D:9      | Reached skill level 5 in Translocations
 10554 | D:9      | Reached skill level 5 in Transmutations
 10554 | D:9      | Reached skill level 5 in Fire Magic
 10554 | D:9      | Reached skill level 5 in Ice Magic
 10554 | D:9      | Reached skill level 5 in Air Magic
 10554 | D:9      | Reached skill level 5 in Earth Magic
 10554 | D:9      | Reached skill level 5 in Poison Magic
 10970 | D:10     | Entered Level 10 of the Dungeon
 10976 | D:10     | Noticed Maggie
 11019 | D:10     | Killed Maggie
 11208 | D:10     | Noticed Urug
 11253 | D:10     | Killed Urug
 11758 | D:10     | Noticed Gastronok
 11770 | D:10     | Killed Gastronok
 12464 | D:11     | Found a runed translucent door.
 12464 | D:11     | Noticed a fire dragon
 12464 | D:11     | Noticed an ice dragon
 12465 | D:11     | Found the +2 shield of Resistance {rF+ rC+ MR+}
 12469 | D:11     | Noticed an ice dragon
 12469 | D:11     | Noticed a fire dragon
 12509 | D:11     | Found a runed translucent door.
 12587 | D:11     | Reached XP level 12. HP: 80/93 MP: 22/22
 12880 | D:11     | Noticed a six-headed hydra
 12920 | D:11     | Slain by a six-headed hydra

Illustrated notes

Levels and vault maps discovered:
D:1:      lemuel_arrival_broad_hall, layout_basic
D:2:      layout_rooms, lemuel_crystal_altar, vehumet_crystals, uniq_terence
D:3:      layout_basic, lemuel_doored_altar
D:4:      layout_basic, enter_ossuary_5, first_ration, uniq_crazy_yiuf_cottage
D:5:      layout_basic, dancing_weapons_uskayaw, kennysheep_little_box,
          minmay_temple_entry_nine_rooms
D:6:      layout_loops_ring, gup_sewer_entry_pipe, uniq_duvessa
D:7:      layout_loops_corners, yredelemnul_forgotten_temple_becter,
          lemuel_round_altar, uniq_joseph
D:8:      layout_loops_ring, lair_entry_dummy, moated_statue,
          hangedman_pestilent_swarm, minmay_diamond_spiral
D:9:      layout_irregular_city, kennysheep_dice
D:10:     layout_irregular_city, serial_bayou, serial_bayou_lagoon_b,
          serial_bayou_ford_a, serial_bayou_pond_e, serial_bayou_pond_b,
          uniq_urug, uniq_gastronok, uniq_maggie
D:11:     layout_basic, zombieorc2_lemuel, minmay_guarded_unrand_resistance
Temple:   regret_index_temple_waves

Skill      XL: |  1  2  3  4  5  6  7  8  9 10 11 |
---------------+----------------------------------+-----
Short Blades   | 1 2 3 4 5 6 |  6.8
Long Blades    | 1 2 3 4 5 6 |  6.8
Maces & Flails | 1 2 3 4 5 6 |  6.8
Polearms       | 1 2 3 4 5 6 |  6.8
Staves         | 1 2 3 4 5 6 |  6.8
Slings         | 1 2 3 4 5 6 |  6.8
Bows           | 1 2 3 4 5 6 |  6.8
Crossbows      | 1 2 3 4 5 6 |  6.8
Armour         | 1 2 3 4 5 6 |  6.8
Stealth        | 1 2 3 4 5 6 |  6.8
Shields        | 1 2 3 4 5 6 |  6.8
Unarmed Combat | 1 2 3 4 5 6 |  6.8
Spellcasting   | 1 2 3 4 5 6 |  6.8
Invocations    | 1 2 3 4 5 6 7 |  7.4
Evocations     | 1 2 3 4 5 6 |  6.8
Conjurations   | 1 2 3 4 5 |  5.6
Hexes          | 1 2 3 4 5 |  5.6
Charms         | 1 2 3 4 5 |  5.6
Summonings     | 1 2 3 4 5 |  5.6
Necromancy     | 1 2 3 4 5 |  5.6
Translocations | 1 2 3 4 5 |  5.6
Transmutations | 1 2 3 4 5 |  5.6
Fire Magic     | 1 2 3 4 5 |  5.6
Ice Magic      | 1 2 3 4 5 |  5.6
Air Magic      | 1 2 3 4 5 |  5.6
Earth Magic    | 1 2 3 4 5 |  5.6
Poison Magic   | 1 2 3 4 5 |  5.6
Fighting       | 5 6 7 8 |  8.3
Throwing       | 5 6 7 8 |  8.3
Axes           | 7 8 9 |  9.5
Dodging        | 7 8 9 |  9.5

Action                   |  1- 3 |  4- 6 |  7- 9 | 10-12 || total
-------------------------+-------+-------+-------+-------++-------
Melee: War axe           |    66 |   185 |   433 |   529 ||  1213
       Bite              |     7 |    28 |    57 |   104 ||   196
       Dagger            |       |       |    65 |    73 ||   138
       Mace              |       |       |       |     5 ||     5
Throw: Dart              |       |     4 |    15 |    24 ||    43
Evoke: Wand              |       |       |     1 |     8 ||     9
  Use: Scroll            |       |       |    11 |     7 ||    18
 Stab: Sleeping          |       |       |     6 |     9 ||    15
  Eat: Chunk             |       |     6 |    11 |    15 ||    32
       Ration            |       |       |     2 |     1 ||     3
Armor: Leather armour    |     6 |       |       |       ||     6
       Scale mail        |    15 |    48 |    73 |       ||   136
       Chain mail        |       |       |    60 |       ||    60
       Ring mail         |       |       |    13 |    93 ||   106
Dodge: Dodged            |    50 |   126 |   254 |   463 ||   893
Block: Buckler           |       |    14 |   105 |   148 ||   267
